 Dungeon Crawl Stone Soup version 0.21.1-1-g345015f (webtiles) character file.

2385 protoss039 the Thaumaturge (level 9, -5/46 HPs)
             Began as a Deep Elf Conjurer on June 8, 2018.
             Hit by a tomahawk thrown by an orc warrior (16 damage)
             ... on level 6 of the Dungeon.
             The game lasted 00:53:10 (5807 turns).

protoss039 the Thaumaturge (Deep Elf Conjurer)      Turns: 5807, Time: 00:53:11

Health: -5/46      AC:  4    Str:  5    XL:     9   Next: 22%
Magic:  4/25       EV: 13    Int: 24    God:
Gold:   207        SH:  0    Dex: 15    Spells: 15/29 levels left

rFire    . . .     SeeInvis .   v - +1 short sword
rCold    . . .     Gourm    .   (no shield)
rNeg     . . .     Faith    .   a - +0 robe
rPois    .         Spirit   .   (no helmet)
rElec    .         Reflect  .   u - +0 cloak
rCorr    .         Harm     .   r - +0 pair of gloves
MR       .....                  (no boots)
Stlth    ++........             g - amulet of magic regeneration
HPRegen  0.15/turn              (no ring)
MPRegen  0.44/turn              (no ring)

@: no status effects
A: no striking features
a: no special abilities


You were on level 6 of the Dungeon.
You were not hungry.

You visited 1 branch of the dungeon, and saw 6 of its levels.

You collected 207 gold pieces.

Inventory:

Hand Weapons
 v - a +1 short sword (weapon)
 D - a +4 dagger
Armour
 a - a +0 robe (worn)
 o - a cursed +0 pair of gloves
 r - a +0 pair of gloves (worn)
 u - a +0 cloak (worn)
Jewellery
 g - an amulet of magic regeneration (around neck)
Wands
 z - a wand of paralysis (18)
Scrolls
 d - a scroll of fog {unknown}
 e - 3 scrolls of teleportation
 f - a scroll of magic mapping {unknown}
 h - 6 scrolls of remove curse
 k - 2 scrolls of amnesia {unknown}
 l - 2 scrolls of enchant armour {unknown}
 s - 4 scrolls of enchant weapon
 w - a scroll of noise {unknown}
 y - 3 scrolls of identify {unknown}
Potions
 i - a potion of invisibility {unknown}
 j - 2 potions of berserk rage {unknown}
 m - 3 potions of brilliance {unknown}
 n - 2 potions of curing {unknown}
 p - a potion of degeneration {unknown}
 q - a potion of cancellation {unknown}
 t - a potion of might {unknown}
 x - a potion of ambrosia {unknown}
 A - a potion of flight {unknown}
Books
 b - a book of Conjurations

   Spells                             Type                      Level
   a - Magic Dart                     Conjuration                  1
   b - Searing Ray                    Conjuration                  2
   c - Dazzling Spray                 Conjuration/Hexes            3
   d - Fulminant Prism                Conjuration/Hexes            4
   e - Force Lance                    Conjuration/Translocation    4
   f - Iskenderun's Mystic Blast      Conjuration                  4
 C - a book of Maledictions

   Spells                             Type                      Level
   a - Corona                         Hexes                        1
   b - Ensorcelled Hibernation        Hexes/Ice                    2
   c - Confuse                        Hexes                        3
   d - Tukima's Dance                 Hexes                        3
   e - Dazzling Spray                 Conjuration/Hexes            3
Comestibles
 c - 10 rations
 B - 3 chunks of flesh


   Skills:
 - Level 0.8 Fighting
 - Level 0.7 Short Blades
 - Level 2.7 Dodging
 - Level 2.6 Stealth
 - Level 10.5 Spellcasting
 + Level 9.3 Conjurations
 * Level 7.2 Hexes


You had 15 spell levels left.
You knew the following spells:

 Your Spells              Type           Power        Failure   Level  Hunger
a - Magic Dart            Conj           ####         1%          1    None
b - Searing Ray           Conj           ######       1%          2    None
c - Dazzling Spray        Conj/Hex       ######       1%          3    None
d - Iskenderun's Mystic   Conj           ######..     1%          4    None
e - Fulminant Prism       Conj/Hex       ######....   1%          4    None


Dungeon Overview and Level Annotations

Branches:
Dungeon (6/15)
 Temple: D:4-7

Altars:
Ashenzari
Kikubaaqudgha
Trog
Wu Jian
The Shining One

Shops:
D:6 *

Annotations:
D:4 salinator123's ghost, novice GrBe
D:6 Duvessa; Menkaure


Message History

Confirm with . or Enter, or press ? or * to list all spells.
Aiming: Searing Ray
Press: ? - help, Shift-Dir - straight line, f - phantom
Aim: a phantom (moderately damaged)
The searing ray hits the phantom.
The phantom is heavily damaged. (Press . to maintain the ray.)
The orc warrior throws a tomahawk.
The tomahawk barely misses you. The phantom hits you.
* * * LOW HITPOINT WARNING * * *
Your fulminant prism explodes!
The blast of energy engulfs the orc warrior.
The orc warrior is almost dead.
A gnoll comes into view. It is wielding a halberd.
Unknown command.
Unknown command.
The searing ray hits the phantom.
The phantom is heavily damaged.
The orc warrior throws a tomahawk.
The tomahawk hits you!
You die...

.....##......
#.#.....g.....####....#
..#.............##.#.##
.....g..........#.#.#
##..............W.#.#
..o.....[.........#.#
#.......F.........#
#..$..)........#..#
#..@..$........##.#
##.W.$........###.#
##.)(.......# #.#
...####.(.######### ###
........#################
.........................
#########################


You could see a phantom, an orc warrior, a bullfrog and 2 gnolls.

Vanquished Creatures
  Prince Ribbit (D:6)
  Grinder (D:4)
  Sigmund (D:4)
  2 sky beasts (D:5)
  An orc warrior (D:6)
  3 ice beasts
  3 ogres
  A scorpion (D:5)
  A vampire bat (D:5)
  A howler monkey (D:6)
  3 crimson imps
  2 quasits
  A hound (D:4)
  A centaur skeleton (D:6)
  A jelly (D:6)
  2 orc priests
  6 orc wizards
  3 iguanas (D:4)
  Ijyb (D:4)
  4 worker ants
  A killer bee zombie (D:5)
  4 gnolls (D:5)
  2 adders
  An ooze (D:1)
  2 worms
  5 dart slugs
  4 leopard geckos
  14 orcs
  3 ball pythons
  A bat skeleton (D:5)
  4 bat zombies (D:5)
  7 giant cockroaches
  10 goblins
  9 hobgoblins
  5 quokkas
  8 bats
  3 frilled lizards (D:1)
  8 kobolds
  A leopard gecko zombie (D:6)
  6 rats
  A fulminant prism (D:6)
138 creatures vanquished.

Vanquished Creatures (others)
  12 fulminant prisms (D:6)
12 creatures vanquished.

Grand Total: 150 creatures vanquished

Notes
Turn   | Place    | Note
-------+----------+-------------------------------------------
     0 | D:1      | protoss039 the Deep Elf Conjurer began the quest for the Orb.
     0 | D:1      | Reached XP level 1. HP: 10/10 MP: 6/6
   152 | D:1      | Reached XP level 2. HP: 15/15 MP: 5/8
   368 | D:1      | Reached skill level 5 in Conjurations
   399 | D:1      | Learned a level 2 spell: Searing Ray
   542 | D:1      | Reached XP level 3. HP: 19/19 MP: 4/9
  1031 | D:2      | Learned a level 3 spell: Dazzling Spray
  1088 | D:2      | Reached skill level 4 in Spellcasting
  1219 | D:2      | Found a bloodstained altar of Trog.
  1261 | D:2      | Found a faded altar of an unknown god.
  1277 | D:2      | Found a shattered altar of Ashenzari.
  1433 | D:2      | Reached XP level 4. HP: 24/24 MP: 3/12
  1943 | D:3      | Reached skill level 5 in Spellcasting
  2387 | D:4      | Noticed an ogre
  2399 | D:4      | Killed an ogre
  2399 | D:4      | Reached skill level 6 in Spellcasting
  2399 | D:4      | Reached XP level 5. HP: 28/28 MP: 5/16
  2517 | D:4      | Reached skill level 7 in Spellcasting
  2623 | D:4      | Learned a level 4 spell: Iskenderun's Mystic Blast
  2687 | D:4      | Reached XP level 6. HP: 33/33 MP: 10/18
  2734 | D:4      | Noticed Ijyb
  2743 | D:4      | Killed Ijyb
  2762 | D:4      | Noticed Grinder
  2762 | D:4      | Paralysed by Grinder for 4 turns
  2784 | D:4      | Paralysed by Grinder for 4 turns
  2797 | D:4      | Killed Grinder
  2797 | D:4      | Reached skill level 9 in Spellcasting
  2797 | D:4      | Reached XP level 7. HP: 14/37 MP: 0/21
  3033 | D:4      | Noticed Sigmund
  3045 | D:4      | Killed Sigmund
  3045 | D:4      | Reached skill level 10 in Spellcasting
  3049 | D:4      | Found an ornate altar of the Wu Jian Council.
  3050 | D:4      | Noticed salinator123's ghost (novice GrBe)
  3854 | D:5      | Entered Level 5 of the Dungeon
  4447 | D:5      | Reached XP level 8. HP: 34/42 MP: 20/24
  4814 | D:5      | Found an ancient bone altar of Kikubaaqudgha.
  4942 | D:5      | Found a glowing golden altar of the Shining One.
  5055 | D:6      | Learned a level 4 spell: Fulminant Prism
  5063 | D:6      | Reached skill level 1 in Hexes
  5188 | D:6      | Noticed Prince Ribbit
  5198 | D:6      | Noticed Menkaure
  5262 | D:6      | Killed Prince Ribbit
  5262 | D:6      | Reached skill level 5 in Hexes
  5268 | D:6      | Reached XP level 9. HP: 11/46 MP: 7/25
  5558 | D:6      | Found Bamadgh's General Store.
  5566 | D:6      | Noticed Duvessa
  5807 | D:6      | Hit by a tomahawk thrown by an orc warrior

Skill      XL: |  1  2  3  4  5  6  7  8  9 |
---------------+----------------------------+-----
Conjurations   | 5 6 9 |  9.3
Spellcasting   | 4 6 7 9 10 | 10.5
Hexes          | 5 7 |  7.2
Fighting       | |  0.8
Short Blades   | |  0.7
Dodging        | |  2.7
Stealth        | |  2.6

Action                   |  1- 3 |  4- 6 |  7- 9 || total
-------------------------+-------+-------+-------++-------
Melee: Unarmed           |     7 |       |       ||     7
       Dagger            |     6 |       |       ||     6
       Short sword       |       |     3 |     3 ||     6
 Cast: Magic Dart        |    88 |    57 |   102 ||   247
       Searing Ray       |     2 |     9 |    40 ||    51
       Dazzling Spray    |       |       |     3 ||     3
       Iskenderun's Myst |       |       |     2 ||     2
       Fulminant Prism   |       |       |    13 ||    13
  Use: Scroll            |     1 |     1 |     1 ||     3
       Potion            |       |       |     2 ||     2
  Eat: Chunk             |     2 |     4 |     7 ||    13
       Ration            |       |       |     1 ||     1
Armor: Robe              |     3 |     6 |    18 ||    27
Dodge: Dodged            |    31 |    23 |    52 ||   106
